 Dungeon Crawl Stone Soup version 0.28-a0-604-g249bb1af34 (webtiles) character file.

Game seed: 15825941129761719801

2824 KristoblXynda the Carver (level 9, -3/81 HPs)
             Began as a Purple Draconian Berserker on Oct 5, 2021.
             Was an Elder of Trog.
             Succumbed to a gnoll sergeant's poison
             ... on level 8 of the Dungeon.
             The game lasted 00:07:20 (8446 turns).

KristoblXynda the Carver (DrBe)                     Turns: 8446, Time: 00:07:21

Health: -3/81      AC:  7    Str: 21    XL:     9   Next: 45%
Magic:  9/9        EV: 14    Int:  8    God:    Trog [****..]
Gold:   331        SH:  0    Dex: 12    Spells: 8/8 levels left

rFire   . . .      SeeInvis .   a - +0 falchion
rCold   . . .      Faith    .   (no shield)
rNeg    . . .      Spirit   .   (armour unavailable)
rPois   .          Reflect  .   (helmet restricted)
rElec   .          Harm     .   (no cloak)
rCorr   .          Rampage  .   (no gloves)
Will    +++..                   (no boots)
Stlth   +.........              (no amulet)
HPRegen 1.23/turn               (no ring)
MPRegen 0.11/turn               (no ring)

@: lethally poisoned (-3 -> -28), strong-willed, on berserk cooldown,
regenerating
A: breathe power, AC +7, unfitting armour, cold-blooded
a: Breathe Dispelling Energy, Renounce Religion, Berserk, Trog's Hand, Brothers
in Arms


You were on level 8 of the Dungeon.
You worshipped Trog.
Trog was greatly pleased with you.
You visited 2 branches of the dungeon, and saw 9 of its levels.

You collected 331 gold pieces.

Inventory:

Hand Weapons
 a - a +0 falchion (weapon)
Scrolls
 c - a scroll of summoning
 d - a scroll of vulnerability {unknown}
 e - 6 scrolls of teleportation
 g - a scroll of noise {unknown}
 h - 2 scrolls of enchant weapon {unknown}
 i - a scroll of magic mapping {unknown}
 k - a scroll of fog {unknown}
 q - a scroll of brand weapon {unknown}
 r - a scroll of amnesia {unknown}
Potions
 b - a potion of invisibility
 j - 2 potions of cancellation
 l - 3 potions of attraction
 m - a potion of flight {unknown}
 n - a potion of mutation {unknown}
 o - a potion of berserk rage {unknown}
 p - 2 potions of resistance {unknown}


   Skills:
 + Level 8.3 Fighting
 + Level 9.2 Long Blades
 + Level 6.9 Dodging


You had 8 spell levels left.
You didn't know any spells.
Your spell library contained the following spells:

 Spells                   Type           Power      Damage    Failure   Level
 Freeze                   Ice            0%         1d3       41%         1
 Magic Dart               Conj           0%         1d3       41%         1
 Call Imp                 Summ           0%         N/A       54%         2
 Passwall                 Tmut/Erth      0%         N/A       54%         2
 Frozen Ramparts          Ice            0%         1d2       78%         3
 Mephitic Cloud           Conj/Pois/Air  0%         N/A       78%         3
 Swiftness                Air            0%         N/A       78%         3
 Hailstorm                Conj/Ice       0%         3d3       99%         4
 Invisibility             Hex            0%         N/A       100%        6


Dungeon Overview and Level Annotations

Branches:
Dungeon (8/15)             Temple (1/1) D:6
   Lair: D:8-11

Altars:
Ashenzari
Cheibriados
Dithmenos
Elyvilon
Fedhas
Gozag
Hepliaklqana
Kikubaaqudgha
Makhleb
Nemelex Xobeh
Okawaru
Qazlal
Ru
Sif Muna
Trog
Uskayaw
Vehumet
Wu Jian
Xom
Yredelemnul
Zin
The Shining One

Portals:
Abyss: D:5

Annotations:
D:5 2 transporters, WhatIsLove's ghost, novice DjCj


Innate Abilities, Weirdness & Mutations

You can breathe bolts of dispelling energy.
Your rich purple scales are hard. (AC +7)
You cannot fit into any form of body armour.
You are cold-blooded and may be slowed by cold attacks.


Message History

You are more poisoned.
You feel much better.
You feel yourself speed up.
You feel extremely sick.
The gnoll sergeant hits you with a +0 spear of venom!
You are more poisoned.
The gnoll sergeant hits you with a +0 spear of venom!
You are lethally poisoned!
You hit the gnoll sergeant.
The gnoll sergeant is moderately wounded.
* * * LOW HITPOINT WARNING * * *
You feel extremely sick. The gnoll sergeant barely misses you.
Okay, then.
You fail to use your ability.
* * * LOW HITPOINT WARNING * * *
You feel extremely sick.
The gnoll sergeant hits you but does no damage.
Unknown command.
Okay, then.
You feel much better.
You feel very sick.
The gnoll sergeant hits you but does no damage.
You are more poisoned.
You aren't carrying any items that you can evoke.
You hit the gnoll sergeant but do no damage.
The gnoll sergeant is moderately wounded.
You feel very sick.
You hit the gnoll sergeant but do no damage.
The gnoll sergeant is moderately wounded.
You feel very sick.
The gnoll sergeant hits you with a +0 spear of venom.
* * * LOW HITPOINT WARNING * * *
You are more poisoned.
* * * LOW HITPOINT WARNING * * *
You feel extremely sick.
The gnoll sergeant hits you from afar with a +0 spear of venom.
* * * LOW HITPOINT WARNING * * *
You are more poisoned.
You die...

. #.####.### ....#
#...$....
.....##..###$###.###
........))).........
.....#.!.###.###.##
..( #.(.# #.# #
#...# #.#
#...###g###.#
###.@....$..#
#.[...##### #####.#
#.# #.# #.# #.# .#


You could see a gnoll sergeant.

Vanquished Creatures
  Pikel (D:7)
  Maggie (D:7)
  A water moccasin (D:7)
  3 black bears
  An orc warrior (D:6)
  A sky beast (D:4)
  An ice beast (D:6)
  A necrophage (D:5)
  4 ogres
  A lemure (D:7)
  A phantom (D:6)
  A kobold brigand (D:4)
  2 bullfrogs
  A wyvern zombie (D:6)
  A water moccasin skeleton (D:6)
  A howler monkey (D:5)
  A centaur zombie (D:7)
  2 hounds
  2 jellies (D:4)
  3 centaur skeletons
  A bullfrog skeleton (D:6)
  An orc priest (D:4)
  A scorpion zombie (D:5)
  2 orc wizards
  Robin (D:3)
  4 adders
  6 gnolls
  A shadow imp (D:7)
  A white imp (D:6)
  An ufetubus (D:4)
  A worm (D:4)
  2 dart slugs
  15 orcs
  5 ball pythons
  6 bats
  9 endoplasms
  3 giant cockroaches
  15 goblins
  6 hobgoblins
  3 jackals (D:3)
  4 quokkas
  3 frilled lizards
  A jackal skeleton (D:4)
  24 kobolds
  3 rats
149 creatures vanquished.

Vanquished Creatures (others)
  66 plants (D:4)
66 creatures vanquished.

Grand Total: 215 creatures vanquished

Notes
Turn   | Place    | Note
-------+----------+-------------------------------------------
     0 | D:1      | KristoblXynda the Draconian Berserker began the quest for
                  | the Orb.
     0 | D:1      | Reached XP level 1. HP: 19/19 MP: 1/1
   158 | D:1      | Reached XP level 2. HP: 26/26 MP: 2/2
   178 | D:1      | Found a faded altar of an unknown god.
   709 | D:2      | Found an ornate altar of the Wu Jian Council.
  1021 | D:2      | Reached XP level 3. HP: 31/31 MP: 3/3
  1188 | D:2      | Reached ** piety under Trog
  1805 | D:3      | Reached skill level 4 in Long Blades
  1808 | D:3      | Reached XP level 4. HP: 32/40 MP: 4/4
  2239 | D:3      | Noticed Robin
  2254 | D:3      | Killed Robin
  3155 | D:4      | Noticed an ogre
  3155 | D:4      | Noticed a sky beast
  3171 | D:4      | Killed an ogre
  3172 | D:4      | Reached skill level 5 in Long Blades
  3172 | D:4      | Reached XP level 5. HP: 47/47 MP: 5/5
  3174 | D:4      | Killed a sky beast
  3175 | D:4      | Reached XP level 6. HP: 53/53 MP: 6/6
  3311 | D:4      | Reached *** piety under Trog
  3441 | D:4      | Reached skill level 5 in Fighting
  3509 | D:4      | Reached skill level 6 in Long Blades
  3509 | D:4      | Your scales start taking on a rich purple colour.
  3509 | D:4      | Reached XP level 7. HP: 32/61 MP: 7/7
  4451 | D:4      | Found a glowing silver altar of Zin.
  4602 | D:5      | Entered Level 5 of the Dungeon
  4746 | D:5      | Found a transporter.
  4768 | D:5      | Found a one-way gate to the infinite horrors of the Abyss.
  4768 | D:5      | Noticed WhatIsLove's ghost (novice DjCj)
  4778 | D:5      | Found a transporter.
  4983 | D:5      | Reached skill level 7 in Long Blades
  5472 | D:6      | Found a staircase to the Ecumenical Temple.
  5483 | D:6      | Reached skill level 5 in Dodging
  5483 | D:6      | Reached XP level 8. HP: 70/70 MP: 8/8
  5644 | Temple   | Entered the Ecumenical Temple
  6252 | D:6      | Reached skill level 8 in Long Blades
  6766 | D:6      | Reached **** piety under Trog
  7163 | D:7      | Noticed Maggie
  7178 | D:7      | Killed Maggie
  7179 | D:7      | Reached XP level 9. HP: 80/80 MP: 9/9
  7388 | D:7      | Noticed Pikel
  7401 | D:7      | Killed Pikel
  7402 | D:7      | Reached skill level 9 in Long Blades
  8445 | D:8      | HP: 4/81 [gnoll sergeant (1)]
  8446 | D:8      | Succumbed to a gnoll sergeant's poison

Illustrated notes

Levels and vault maps discovered:
D:1:      lightli_iron_boxes, layout_rooms,
          hellmonk_ecumenical_altar_heavens_door
D:2:      layout_loops_corners, basic_altar, minmay_ruptured
D:3:      layout_loops_ring, uniq_robin
D:4:      kennysheep_kobold_camp, layout_rooms,
          mainiacjoe_overflow_surrounded_room
D:5:      gammafunk_ghost_abyssal_escape, layout_basic, hangedman_decor_lopped
D:6:      layout_basic, minmay_temple_entry_trees, st_stairs_9
D:7:      layout_loops_ring, uniq_pikel, uniq_maggie
D:8:      kennysheep_big_flooded_room, layout_loops_ring, erik_lair_dragon,
          serial_park_tiny_1, minivault_14, minmay_shop_grid_forest, uniq_psyche
Temple:   compressed_dpeg_circular_temple

Skill      XL: |  1  2  3  4  5  6  7  8  9 |
---------------+----------------------------+-----
Dodging        | 3 4 5 6 |  6.9
Long Blades    | 4 5 6 7 8 9 |  9.2
Fighting       | 4 5 6 7 8 |  8.3

Action                   |  1- 3 |  4- 6 |  7- 9 || total
-------------------------+-------+-------+-------++-------
Melee: Falchion          |    98 |   163 |   261 ||   522
       Tailslap          |    12 |    19 |    39 ||    70
Invok: Berserk           |       |     5 |     9 ||    14
       Trog's Hand       |       |     1 |     1 ||     2
  Use: Potion            |       |     1 |     2 ||     3
       Scroll            |       |       |     5 ||     5
 Stab: Sleeping          |     1 |       |     1 ||     2
Armor: Skin              |    29 |    63 |    76 ||   168
Dodge: Dodged            |    54 |   124 |   166 ||   344

Table legend: (Time is in decaauts)
 A = Elapsed time spent in this place.
 B = Non-inter-level travel time spent in this place.
 C = Inter-level travel time spent in this place.
 D = Time resting spent in this place.
 E = Time spent auto-exploring this place.
 F = Levels seen in this place.
 G = Mean time per level.
                   A        B        C        D        E       F      G
               +--------+--------+--------+--------+--------+-----+--------+
         Total |   8584 |   8402 |    182 |   2391 |   4893 |   9 |  953.8 |
       Dungeon |   8455 |   8310 |    145 |   2391 |   4820 |   8 | 1056.9 |
        Temple |    128 |     91 |     37 |      0 |     73 |   1 |  128.0 |
               +--------+--------+--------+--------+--------+-----+--------+

Top non-repeatable levels by time:
     D:4: 1661 daAuts
     D:7: 1524 daAuts
     D:3: 1428 daAuts
     D:6: 1366 daAuts
     D:2: 890 daAuts
     D:5: 820 daAuts
     D:1: 702 daAuts
  Temple: 128 daAuts
     D:8: 61 daAuts
